 Dungeon Crawl Stone Soup version 0.24-a0-441-g27f0392e16 (webtiles) character file.

Game seed: 6743123298443665938

2473 KristoblXynda the Carver (level 9, -7/79 HPs)
             Began as a Green Draconian Gladiator on June 19, 2019.
             Was an Initiate of Ashenzari.
             Mangled by an orc warrior
             ... wielding a +0 halberd
              (42 damage)
             ... in a bailey.
             The game lasted 00:12:09 (5830 turns).

KristoblXynda the Carver (DrGl)                     Turns: 5830, Time: 00:12:09

Health: -7/79      AC: 15    Str: 22    XL:     9   Next: 26%
Magic:  10/10      EV: 19    Int: 10    God:    Ashenzari [......]
Gold:   305        SH:  0    Dex: 16    Spells: 8/8 levels left

rFire    . . .     SeeInvis .   a - +0 long sword
rCold    . . .     Gourm    +   (no shield)
rNeg     . . .     Faith    .   (armour unavailable)
rPois    +         Spirit   .   b - +1 hat
rElec    +         Reflect  .   q - +0 cloak
rCorr    +         Harm     .   j - +0 pair of gloves
MR       .....                  v - +4 pair of boots "Ducweel" {rElec rCorr Str+4} (curse)
Stlth    +.........             w - amulet of the gourmand (curse)
HPRegen  0.23/turn              h - +3 ring of evasion
MPRegen  0.12/turn              x - +3 ring of dexterity

@: short of breath
A: breathe noxious fumes, unfitting armour, poison resistance, cold-blooded, AC
+7
a: Breathe Noxious Fumes, Curse Item, Renounce Religion


You were in a bailey.
You worshipped Ashenzari.
Ashenzari was noncommittal.
You were very full.

You visited 2 branches of the dungeon, and saw 8 of its levels.
You also visited: Bailey.

You collected 305 gold pieces.

Inventory:

Hand Weapons
 a - a +0 long sword (weapon)
Missiles
 c - 3 throwing nets (quivered)
Armour
 b - a +1 hat (worn)
 j - a +0 pair of gloves (worn)
 q - a +0 cloak (worn)
 v - the cursed +4 pair of boots "Ducweel" (worn) {rElec rCorr Str+4}
   (You found it on level 6 of the Dungeon)

   It affects your strength (+4).
   It insulates you from electricity.
   It provides partial protection from all sources of acid and corrosion.
   It has a curse placed upon it.
Jewellery
 h - a +3 ring of evasion (left hand)
 s - an uncursed ring of fire
 w - a cursed amulet of the gourmand (around neck)
 x - a +3 ring of dexterity (right hand)
Wands
 e - a wand of acid (1)
Scrolls
 f - 7 scrolls of teleportation
 l - 2 scrolls of enchant armour
 m - 4 scrolls of remove curse
 A - a scroll of acquirement {unknown}
Potions
 g - 5 potions of curing
 i - a potion of lignification
 k - a potion of ambrosia
 o - 3 potions of heal wounds
 p - 2 potions of mutation
 t - a potion of flight
 u - a potion of cancellation
 z - 3 potions of haste
 B - a potion of resistance {unknown}
Comestibles
 d - 14 rations


   Skills:
 + Level 7.2 Fighting
 + Level 9.2 Long Blades
 - Level 2.0 Throwing
 + Level 6.3 Dodging
 + Level 1.7 Evocations


You had 8 spell levels left.
You didn't know any spells.
Your spell library contained the following spells:

 Spells                   Type           Power        Failure   Level  Hunger
 Animate Skeleton         Necr           N/A          36%         1    ##.....
 Apportation              Tloc           #.....       36%         1    ##.....
 Confusing Touch          Hex            #.....       36%         1    ##.....
 Flame Tongue             Conj/Fire      #....        36%         1    ##.....
 Summon Small Mammal      Summ           #...         36%         1    ##.....
 Throw Flame              Conj/Fire      #.....       50%         2    ###....
 Conjure Flame            Conj/Fire      #.......     75%         3    ####...
 Inner Flame              Hex/Fire       #.......     75%         3    ####...
 Sticky Flame             Conj/Fire      #.......     98%         4    #####..
 Fireball                 Conj/Fire      #.........   100%        5    ######.


Dungeon Overview and Level Annotations

Branches:
Dungeon (7/15)             Temple (1/1) D:4

Altars:
Ashenzari
Cheibriados
Elyvilon
Gozag
Hepliaklqana
Kikubaaqudgha
Makhleb
Nemelex Xobeh
Qazlal
Ru
Sif Muna
Uskayaw
Wu Jian
Xom
Yredelemnul
Zin
The Shining One

Shops:
D:4 :   D:7 =


Innate Abilities, Weirdness & Mutations

You can breathe blasts of noxious fumes.
Your lurid green scales are hard. (AC +7)
You cannot fit into any form of body armour.
Your system is resistant to poisons. (rPois)
You are cold-blooded and may be slowed by cold attacks.


Message History

The orc knight is almost dead.
The iceblast engulfs the orc warrior!
The orc warrior is almost dead.
The now-empty wand crumbles to dust.
Unknown command.
Unknown command.
You have got your breath back.
The orc knight hits you but does no damage.
There is an empty arch of ancient stone here.
The orc warrior barely misses you. The orc warrior closely misses you.
Press: ? - help, Shift-Dir - straight line, p - orc knight You exhale a blast of noxious fumes.
The blast of choking fumes misses the orc knight.
You feel somewhat less full.
The orc knight is engulfed in noxious fumes.
The orc knight barely misses you.
The orc warrior hits you from afar with a +0 halberd!!!
Ouch! That really hurt!
You die...

#.......#
#....)..#
#.))))..#
#..)))).#
#..).)..#
#.......#
#.......#
#∩..o..∩#
#.@§o☼☼☼#
##..∩..##
#######


You could see an orc knight and an orc warrior.

Vanquished Creatures
  A gargoyle (D:6)
  A troll (D:5)
  Prince Ribbit (D:6)
  Eustachio (D:6)
  4 orc warriors (Bailey)
  A phantom (D:6)
  A sky beast (D:7)
  A centaur (D:6)
  A bullfrog (D:6)
  3 howler monkeys
  2 crimson imps
  A hound (D:5)
  2 centaur skeletons (D:6)
  2 centaur zombies
  2 jellies (D:5)
  An orc priest (D:6)
  A bullfrog skeleton (D:5)
  An orc wizard (D:6)
  2 iguanas
  6 worker ants
  A hound skeleton (D:7)
  A howler monkey zombie (D:5)
  6 adders
  A shadow imp (D:6)
  An ooze (D:7)
  An adder zombie (D:5)
  2 adder skeletons
  3 worms
  4 dart slugs
  5 leopard geckos
  32 orcs
  2 ball pythons
  6 giant cockroaches
  10 goblins
  7 hobgoblins
  4 jackals (D:2)
  2 quokkas
  4 bats
  2 frilled lizards
  4 kobolds
  A leopard gecko skeleton (D:6)
  A quokka skeleton (D:4)
  5 rats
140 creatures vanquished.

Notes
Turn   | Place    | Note
-------+----------+-------------------------------------------
     0 | D:1      | KristoblXynda the Draconian Gladiator began the quest for
                  | the Orb.
     0 | D:1      | Reached XP level 1. HP: 17/17 MP: 1/1
   188 | D:1      | Reached XP level 2. HP: 23/25 MP: 2/2
   349 | D:2      | Found a glowing silver altar of Zin.
   349 | D:2      | Found a sacrificial altar of Ru.
   444 | D:2      | HP: 1/25 [worm (9)]
   889 | D:2      | Reached XP level 3. HP: 30/30 MP: 3/3
  1134 | D:2      | Found a glowing golden altar of the Shining One.
  1546 | D:3      | Reached skill level 4 in Long Blades
  1664 | D:3      | Reached XP level 4. HP: 35/38 MP: 4/4
  2063 | D:3      | Found a sacrificial altar of Ru.
  2071 | D:3      | Reached XP level 5. HP: 45/45 MP: 5/5
  2970 | D:4      | Found Iluesuku's Book Boutique.
  3118 | D:4      | Found a staircase to the Ecumenical Temple.
  3153 | Temple   | Entered the Ecumenical Temple
  3160 | Temple   | Became a worshipper of Ashenzari the Shackled
  3199 | D:4      | Reached skill level 5 in Long Blades
  3250 | D:5      | Entered Level 5 of the Dungeon
  3267 | D:5      | Reached XP level 6. HP: 27/52 MP: 6/6
  3606 | D:5      | Found a hazy altar of Hepliaklqana.
  3984 | D:5      | Noticed a troll
  3996 | D:5      | Killed a troll
  3996 | D:5      | Reached skill level 6 in Long Blades
  3996 | D:5      | Your scales start taking on a lurid green colour.
  3996 | D:5      | Reached XP level 7. HP: 60/60 MP: 7/7
  3996 | D:5      | Gained mutation: Your system is resistant to poisons.
                  | (rPois) [Green Draconian growth]
  3999 | D:5      | Reached skill level 5 in Fighting
  4305 | D:6      | Noticed a gargoyle
  4459 | D:6      | Noticed Eustachio
  4467 | D:6      | Noticed Prince Ribbit
  4542 | D:6      | Reached skill level 7 in Long Blades
  4561 | D:6      | Killed a gargoyle
  4561 | D:6      | Reached skill level 5 in Dodging
  4561 | D:6      | Reached XP level 8. HP: 20/70 MP: 8/8
  4650 | D:6      | Killed Prince Ribbit
  4650 | D:6      | Reached skill level 8 in Long Blades
  4667 | D:6      | Killed Eustachio
  4694 | D:6      | Got the uncursed pair of boots "Ducweel" {rElec rCorr
                  | Str+4}
  4715 | D:6      | Identified the +4 pair of boots "Ducweel" {rElec rCorr
                  | Str+4} (You found it on level 6 of the Dungeon)
  5157 | D:6      | Found a white marble altar of Elyvilon.
  5296 | D:7      | Reached XP level 9. HP: 75/78 MP: 9/9
  5334 | D:7      | Found Sapsoit's Jewellery Shoppe.
  5391 | D:7      | Found a flagged portal.
  5406 | Bailey   | Entered a bailey
  5538 | Bailey   | Reached skill level 9 in Long Blades
  5548 | Bailey   | Reached skill level 1 in Evocations
  5747 | Bailey   | Noticed an orc knight
  5748 | Bailey   | Noticed an orc knight
  5830 | Bailey   | Mangled by an orc warrior

Levels and vault maps discovered:
D:1:      dpeg_arrival_pits, layout_rooms
D:2:      layout_basic, old_standard_altar, grunt_temple_overflow_open,
          first_ration
D:3:      layout_rooms, st_stairs_11, kennysheep_doodads,
          nicolae_ru_sacrificial_ziggurat
D:4:      layout_layer_cave, temple_green, serial_shops, nicolae_shop_trees
D:5:      layout_cave_pools, lemuel_doored_altar,
          hangedman_abyss_or_decor_slice, glass_columns_a
D:6:      layout_rooms, marbit_many_paths, corexii_leaking_fountain,
          serial_bayou_crossing, uniq_prince_ribbit1, uniq_eustachio
D:7:      layout_loops_ring, overflow_temple_1_default, enter_bailey_7,
          grunt_livestock, minmay_stone_trees_large,
          minmay_shop_enchanted_jewellery, chequers_serial_rivers_micro_c,
          uniq_crazy_yiuf_cottage
Temple:   nicolae_temple_no_exploring_needed
Bailey:   bailey_polearm_5, bailey

Skill      XL: |  1  2  3  4  5  6  7  8  9 |
---------------+----------------------------+-----
Throwing       | 2 |  2.0
Dodging        | 3 4 5 6 |  6.3
Fighting       | 3 4 5 6 7 |  7.2
Long Blades    | 4 5 6 7 8 9 |  9.2
Evocations     | 1 |  1.7

Action                   |  1- 3 |  4- 6 |  7- 9 || total
-------------------------+-------+-------+-------++-------
Melee: Long sword        |   122 |   166 |   178 ||   466
       Tailslap          |    15 |    31 |    37 ||    83
Throw: Throwing net      |     1 |       |       ||     1
Invok: Curse Item        |       |     1 |     1 ||     2
 Abil: Breathe Noxious F |       |       |    11 ||    11
Evoke: Wand              |       |       |    10 ||    10
  Use: Scroll            |       |     8 |     9 ||    17
       Potion            |       |     1 |     3 ||     4
 Stab: Sleeping          |     1 |     2 |       ||     3
       Confused          |       |       |     3 ||     3
  Eat: Chunk             |     2 |     4 |    13 ||    19
       Ration            |       |     2 |       ||     2
Armor: Skin              |    33 |    53 |    66 ||   152
Dodge: Dodged            |   118 |   150 |   249 ||   517
       Rpst.: Long sword |    35 |    48 |    53 ||   136

Table legend:
 A = Non-vault XP
 B = Vault XP
 C = Vault XP percentage of total XP
 D = Non-vault monster count
 E = Vault monster count
 F = Vault count percentage of total count
                 A         B        C        D         E       F
            +---------+---------+-------+---------+---------+-------
      Total |    2283 |    1251 |  35.4 |      96 |      44 |  31.4
            +---------+---------+-------+---------+---------+-------
        D:1 |      17 |       0 |   0.0 |       8 |       0 |   0.0
        D:2 |      58 |       0 |   0.0 |      20 |       0 |   0.0
        D:3 |     105 |      16 |  13.2 |      20 |       3 |  13.0
        D:4 |     147 |       0 |   0.0 |       8 |       0 |   0.0
        D:5 |     774 |       0 |   0.0 |      20 |       0 |   0.0
        D:6 |    1027 |     606 |  37.1 |      17 |       3 |  15.0
        D:7 |     155 |       8 |   4.9 |       3 |       4 |  57.1
     Bailey |       0 |     621 | 100.0 |       0 |      34 | 100.0
            +---------+---------+-------+---------+---------+-------
